Map: Triton LE

Players

Erick

  • Race: Protoss Protoss
  • League: Silver
  • Spawn Location: 11:00

Ratl - Winner!

  • Race: Protoss Protoss
  • League: Silver
  • Spawn Location: 5:00

VOD

Have the link to the VOD?

Description

Time

  • Played on: Jan. 16, 2020, 2:06 p.m.
  • Length: 12:54
Show
View Real Time Build Order
Export as new Build Order

Erick Protoss 

Build Orders:  

Get SALT Encoding   

  12  0:45  Probe (Chrono Boost)  
  13  0:54  Probe (Chrono Boost)  
  14  0:57  Pylon  
  14  0:59  Probe  
  15  1:16  Probe, Forge  
  16  1:34  Pylon  
  16  1:37  Pylon  
  16  1:42  Probe (Chrono Boost)  
  17  1:52  Probe (Chrono Boost)  
  18  1:54  Photon Cannon  
  18  1:57  Probe (Chrono Boost), Photon Cannon  
  19  2:04  Pylon  
  19  2:05  Assimilator  
  19  2:08  Probe  
  20  2:10  Gateway  
  20  2:18  Photon Cannon  
  20  2:30  Photon Cannon  
  20  2:39  Gateway  
  20  2:44  Probe (Chrono Boost)  
  21  2:53  Probe (Chrono Boost)  
  22  2:58  Probe (Chrono Boost)  
  23  3:09  Pylon  
  23  3:12  Assimilator  
  23  3:16  Zealot  
  25  3:26  Zealot  
  27  3:30  Probe (Chrono Boost)  
  28  3:40  Probe (Chrono Boost)  
  29  3:45  Probe (Chrono Boost)  
  30  3:53  Zealot  
  30  3:54  Zealot  
  34  3:56  Probe  
  34  3:58  Gateway  
  34  4:00  Gateway  
  35  4:11  Cybernetics Core  
  35  4:18  Gateway  
  35  4:26  Zealot  
  35  4:27  Zealot  
  39  4:53  Zealot  
  41  5:32  Zealot  
  41  5:33  Zealot  
  41  5:35  Zealot  
  47  5:36  Zealot  
  49  5:59  Zealot  
  51  6:30  Nexus  
  51  7:04  Assimilator  
  51  7:35  Stalker  
  51  7:36  Stalker  
  55  7:41  Stalker  
  57  7:46  Pylon  
  57  7:50  Pylon  
  57  8:11  Stalker  
  59  9:07  Warp Gate  
  59  9:11  Stargate  
  59  9:14  Stargate  
  59  9:30  Robotics Facility  
  59  9:40  Stargate  
  59  9:53  Twilight Council  
  59  9:58  Pylon  
  59  10:05  Stalker  
  59  10:06  Stalker x2  
  65  10:07  Stalker x2  
  69  10:20  Observer (Chrono Boost)  
  70  10:30  Charge  
  70  10:33  Void Ray  
  70  10:34  Void Ray x2, Observer (Chrono Boost)  
  83  10:36  Stalker  
  83  10:37  Stalker x2  
  85  10:57  Robotics Facility  
  85  11:03  Stalker  
  67  11:04  Stalker  
  64  11:19  Stalker  
  64  11:20  Stalker  
Show
View Real Time Build Order
Export as new Build Order

Ratl Protoss - Winner!

Build Orders: Colossus Rush 

Get SALT Encoding   

  12  0:01  Probe  
  13  0:13  Probe  
  14  0:17  Pylon  
  14  0:25  Probe  
  15  0:37  Probe  
  15  0:39  Gateway  
  17  0:50  Probe  
  17  0:59  Assimilator  
  17  1:00  Assimilator  
  17  1:02  Probe  
  18  1:10  Gateway  
  18  1:14  Probe  
  19  1:26  Probe  
  19  1:38  Probe (Chrono Boost)  
  20  1:41  Cybernetics Core  
  20  1:42  Pylon  
  20  1:50  Probe (Chrono Boost)  
  21  1:56  Probe (Chrono Boost)  
  22  2:04  Probe  
  23  2:16  Probe  
  23  2:17  Warp Gate (Chrono Boost), Stalker x2  
  28  2:28  Probe  
  29  2:36  Pylon  
  29  2:41  Probe  
  30  2:55  Nexus  
  30  2:57  Probe  
  31  3:09  Probe  
  31  3:10  Robotics Facility  
  31  3:11  Gateway  
  32  3:18  Stalker  
  34  3:23  Pylon  
  34  3:39  Probe  
  35  3:51  Probe  
  36  3:57  Observer  
  37  4:04  Probe  
  38  4:10  Robotics Bay  
  38  4:13  Gateway  
  38  4:14  Probe  
  38  4:16  Probe  
  40  4:18  Immortal  
  44  4:26  Probe (Chrono Boost)  
  44  4:30  Probe (Chrono Boost)  
  46  4:33  Assimilator  
  46  4:36  Assimilator  
  46  4:38  Probe (Chrono Boost), Stalker x2  
  49  4:45  Probe (Chrono Boost)  
  52  5:02  Colossus  
  52  5:04  Probe x2  
  60  5:16  Probe  
  60  5:17  Probe  
  62  5:29  Pylon  
  62  5:36  Pylon  
  62  5:38  Pylon  
  62  5:47  Probe x2  
  64  5:51  Stalker  
  64  5:52  Stalker x2  
  70  5:59  Probe, Pylon  
  70  6:02  Colossus  
  71  6:04  Probe  
  71  6:05  Forge  
  71  6:07  Forge  
  71  6:08  Extended Thermal Lance  
  71  6:11  Stalker  
  80  6:24  Pylon  
  80  6:30  Stalker x2  
  84  6:36  Protoss Ground Weapons Level 1 (Chrono Boost)  
  84  6:38  Protoss Ground Armor Level 1 (Chrono Boost)  
  84  6:51  Gateway  
  84  6:52  Gateway  
  84  6:55  Probe  
  84  6:56  Probe  
  86  7:08  Probe (Chrono Boost)  
  88  7:09  Probe (Chrono Boost)  
  88  7:10  Nexus  
  88  7:13  Assimilator  
  88  7:17  Pylon  
  88  7:20  Probe (Chrono Boost)  
  88  7:21  Immortal  
  94  7:25  Probe (Chrono Boost)  
  94  7:27  Probe (Chrono Boost)  
  95  7:32  Probe  
  96  7:37  Probe  
  96  7:43  Photon Cannon  
  98  7:44  Probe  
  98  7:49  Probe, Photon Cannon  
  99  7:56  Probe  
  100  7:59  Stalker x4  
  100  8:00  Stalker  
  110  8:21  Probe x2  
  112  8:32  Pylon  
  112  8:33  Probe  
  113  8:37  Pylon  
  113  8:42  Assimilator  
  113  8:43  Probe  
  113  8:44  Pylon  
  113  8:45  Immortal (Chrono Boost)  
  113  8:46  Pylon  
  118  8:50  Pylon  
  118  8:54  Twilight Council  
  118  8:59  Photon Cannon  
  118  9:06  Stalker x6  
  130  9:12  Warp Prism (Chrono Boost)  
  132  9:23  Blink  
  132  9:30  Protoss Ground Weapons Level 2 (Chrono Boost)  
  132  9:40  Protoss Ground Armor Level 2 (Chrono Boost)  
  132  9:42  Nexus  
  132  9:46  Pylon  
  132  9:50  Pylon  
  132  9:52  Stalker  
  134  9:53  Stalker x3  
  140  10:02  Immortal  
  144  10:08  Pylon  
  144  10:10  Assimilator  
  144  10:12  Assimilator  
  144  10:28  Robotics Facility  
  144  10:29  Robotics Facility  
  144  10:41  Colossus  
  150  10:55  Stalker x5  
  148  11:35  Stalker x4  
  148  11:36  Stalker x2  
  148  11:38  Immortal  
  148  11:39  Immortal x2  
  166  11:59  Stalker x3  
  166  12:00  Stalker x3  
  178  12:08  Immortal  
  180  12:40  Stalker x2  
  180  12:41  Stalker x3  
  180  12:42  Stalker  
Tags
 
Matchup
PvP
Spawn Locations
Cross Positions
Add a new tag
Caveats
  • Supply blocks, unpowered buildings, or Contaminate may cause inaccurate times.
  • Supply counts are checked every 10 seconds.